 Dungeon Crawl Stone Soup version 0.22-a0-422-g9628fc8 (webtiles) character file.

73 Goblin1989 the Chopper (level 4, 0/52 HPs)
             Began as a Demonspawn Chaos Knight on May 16, 2018.
             Succumbed to an adder's poison
             ... on level 3 of the Dungeon.
             The game lasted 00:05:23 (485 turns).

Goblin1989 the Chopper (Demonspawn Chaos Knight)     Turns: 485, Time: 00:05:24

Health: 0/52       AC: 22    Str: 13    XL:     4   Next: 8%
Magic:  4/4        EV:  2    Int: 14    God:    Xom [..*...]
Gold:   32         SH:  6    Dex: 12    Spells: 3/3 levels left

rFire    . . .     SeeInvis .   e - 3 rations
rCold    . . .     Gourm    .   n - +0 shield
rNeg     + + +     Faith    .   (armour currently unavailable)
rPois    +         Spirit   .   (helmet currently unavailable)
rElec    .         Reflect  .   (cloak currently unavailable)
rCorr    .         Harm     .   (gloves currently unavailable)
MR       .....     NoTele   +   (boots currently unavailable)
Stlth    +.........             (no amulet)
HPRegen  0.17/turn              (no ring)
MPRegen  0.09/turn              (no ring)

@: lethally poisoned (0 -> -5), tree-form
A: demonic guardian 1
a: Renounce Religion


You were on level 3 of the Dungeon.
You worshipped Xom.
You were a toy of Xom.
You were not hungry.
You were a tree.
You visited 1 branch of the dungeon, and saw 3 of its levels.

You collected 32 gold pieces.

Inventory:

Hand Weapons
 a - a +1 hand axe of chaos
Missiles
 j - 4 javelins (quivered) {@Q2}
Armour
 b - a +2 leather armour (melded)
 n - a +0 shield (worn)
Comestibles
 e - 3 rations (in branch)


   Skills:
 + Level 3.0 Fighting
 * Level 4.4 Axes
 - Level 1.7 Armour
 + Level 1.0 Dodging
 + Level 0.1 Shields


You had 3 spell levels left.
You didn't know any spells.
Your spell library was empty.

Dungeon Overview and Level Annotations

Branches:
Dungeon (3/15)

Altars:


Innate Abilities, Weirdness & Mutations

((You have a pair of small antennae on your head.))
A weak demonic guardian rushes to your aid.


Message History

You closely miss the adder.
The adder is moderately wounded.
The adder barely misses you.
You hit the adder but do no damage.
The adder is moderately wounded.
The adder bites you.
You are more poisoned.
The adder poisons you! The adder barely misses you.
You take 1 damage, and have 14/29 hp.
You closely miss the adder.
The adder is moderately wounded.
You feel sick. You block the adder's attack.
You take 1 damage, and have 13/29 hp.
You miss the adder.
The adder is moderately wounded.
The adder bites you but does no damage. The adder barely misses you.
Your shield prevents you from hitting the adder.
The adder is moderately wounded.
You feel sick. The adder bites you but does no damage.
You take 1 damage, and have 12/29 hp.
You closely miss the adder.
The adder is moderately wounded.
The adder bites you but does no damage. x2
You barely miss the adder.
The adder is moderately wounded.
The adder bites you but does no damage. The adder bites you.
* * * LOW HITPOINT WARNING * * *
You are more poisoned.
The adder poisons you!
You take 2 damage, and have 10/29 hp.
You hit the adder.
The adder is almost dead.
You feel sick. The adder bites you.
* * * LOW HITPOINT WARNING * * *
You are more poisoned.
The adder poisons you!
You take 6 damage, and have 4/29 hp.
MASSIVE DAMAGE!!
You hit the adder.
You kill the adder!
Your Dodging skill increases to level 1!
You have reached level 4!
You feel stronger.
Your demonic ancestry asserts itself...
A pair of antennae grows on your head!
* * * LOW HITPOINT WARNING * * *
You feel sick.
MP restored: 4 Unknown command.
It was a potion of lignification.
You turn into a tree.
Your +2 leather armour melds into your body.
Your roots penetrate the ground.
* * * LOW HITPOINT WARNING * * *
You feel sick.
You now have 5/52 hp.
You cannot move.
Unknown command.
As you read the scroll labeled HOUGUO OTOUBABEI, it crumbles to dust.
The air around you briefly surges with heat, but it dissipates.
It was a scroll of immolation.
* * * LOW HITPOINT WARNING * * *
You feel sick.
You take 1 damage, and have 4/52 hp.
Unknown command.
As you read the scroll labeled OBBYCL VESSI, it crumbles to dust.
You assume a fearsome visage.
Nothing appears to happen.
It was a scroll of fear.
* * * LOW HITPOINT WARNING * * *
You feel sick.
You take 1 damage, and have 3/52 hp.
Unknown command.
As you read the scroll labeled POJAOM LACI, it crumbles to dust.
You hear a loud clanging noise!
It was a scroll of noise.
* * * LOW HITPOINT WARNING * * *
You feel sick.
You take 1 damage, and have 2/52 hp.
Unknown command.
As you read the scroll labeled VUEMEM TULYKKE, it crumbles to dust.
It is a scroll of amnesia.
You feel forgetful for a moment.
* * * LOW HITPOINT WARNING * * *
You feel sick.
You take 1 damage, and have 1/52 hp.
As you read the scroll labeled XOXAHANOCE, it crumbles to dust.
You cannot blink because you are held in place by your roots.
It was a scroll of blinking.
* * * LOW HITPOINT WARNING * * *
You feel sick.
A hobgoblin comes into view.
Unknown command.
As you read the scroll labeled XUREGA BIFO, it crumbles to dust.
It is a scroll of enchant weapon.
Really abort (and waste the scroll)?
Your +0 hand axe of chaos glows red for a moment.
Unknown command.
Wield which item (- for none, * to show all)? (? for menu, Esc to quit)
That's the wrong kind of item! (Use * to select it.) Wield which item (- for none, * to show all)? (? for menu, Esc to quit)
e - 3 rations (in branch)
You die...
Xom snickers!

.......███...█████....█
.......███.█.█████....█
.███...█.........█....██
.....).......███.█.....█
████.█.█.█████ █[█..█..█
█.█.█.█ ███.█.....█
█.█.█.█ █.█.█..██.█
█.█.█.█ █g†█..██.█
█...... █♣█..██.█
███.... ██...██.█ █.█.█
██....██.█ █.█
█.....██.███
█.█.██......█ .....
███.███.█


██████ █.█ █ ..█ ███. You could see a hobgoblin.

Vanquished Creatures
  4 adders
  An ooze (D:2)
  A leopard gecko (D:1)
  2 orcs (D:3)
  4 giant cockroaches
  5 goblins
  4 hobgoblins
  A ball python (D:3)
  2 bats (D:1)
  5 kobolds
29 creatures vanquished.

Notes
Turn   | Place    | Note
-------+----------+-------------------------------------------
     0 | D:1      | Goblin1989 the Demonspawn Chaos Knight began the quest for the Orb.
     0 | D:1      | Reached XP level 1. HP: 18/18 MP: 1/1
    42 | D:1      | Reached skill level 3 in Axes
    63 | D:1      | Gained mutation: A weak demonic guardian rushes to your aid. [demonic ancestry]
    63 | D:1      | Reached XP level 2. HP: 13/24 MP: 2/2
    64 | D:1      | XOM: harmless Summ miscast
   133 | D:2      | Reached XP level 3. HP: 13/29 MP: 3/3
   178 | D:2      | Reached skill level 4 in Axes
   234 | D:2      | XOM: silly message
   477 | D:3      | Reached skill level 1 in Dodging
   477 | D:3      | Gained mutation: You have a pair of small antennae on your head. [demonic ancestry]
   477 | D:3      | Reached XP level 4. HP: 4/35 MP: 4/4
   481 | D:3      | HP: 2/52 [poisoned by an adder]
   485 | D:3      | Succumbed to an adder's poison

Vault maps used:
D:1:      minmay_arrival_loop
D:3:      grunt_temple_overflow_opulence, first_ration

Skill      XL: |  1  2  3 |
---------------+----------+-----
Axes           | 3 4 |  4.4
Dodging        | 1 |  1.0
Fighting       | |  3.0
Armour         | |  1.7
Shields        | |  0.1

Action                   |  1- 3 |  4- 6 || total
-------------------------+-------+-------++-------
Melee: Hand axe          |    95 |       ||    95
  Use: Scroll            |       |     6 ||     6
       Potion            |       |     1 ||     1
 Stab: Confused          |     2 |       ||     2
Armor: Leather armour    |    46 |       ||    46
Dodge: Dodged            |    63 |       ||    63
Block: Shield            |     9 |       ||     9

Table legend:
 A = Spawn XP
 B = Non-spawn XP
 C = Spawn XP percentage of total XP
 D = Spawn monster count
 E = Non-spawn monster count
 F = Spawn count percentage of total count
 G = Total turns spent on level
                    A         B        C        D         E        F      G
               +---------+---------+-------+---------+---------+-------+---------
         Total |       0 |     105 |   0.0 |       0 |      29 |   0.0 |   485
               +---------+---------+-------+---------+---------+-------+---------
           D:1 |       0 |      20 |   0.0 |       0 |      12 |   0.0 |   155
           D:2 |       0 |      47 |   0.0 |       0 |      10 |   0.0 |   210
           D:3 |       0 |      38 |   0.0 |       0 |       7 |   0.0 |   120
               +---------+---------+-------+---------+---------+-------+---------

Vault maps used:
D:1:      minmay_arrival_loop
D:3:      grunt_temple_overflow_opulence, first_ration
